[Event "Hastings Masters"]
[Site "Hastings/UK"]
[Date "2011.01.01"]
[Round "5.1"]
[White "Rendle, Thomas"]
[Black "Howell, David"]
[Result "0-1"]
[ECO "B13"]
[WhiteElo "2391"]
[BlackElo "2616"]
[PlyCount "72"]
[EventDate "2011.??.??"]
[TimeControl "40/6000+30:20/3000+30:900+30"]

1. e4 c6 2. d4 d5 3. exd5 cxd5 4. Bd3 Nc6 5. c3 Nf6 6. Bf4 Bg4 7. Qb3 Qc8 8.
Nd2 e6 9. Ngf3 Be7 10. O-O O-O 11. Ne5 Nxe5 12. dxe5 Nd7 13. Qc2 g6 14. h3 Bf5
15. Bxf5 gxf5 16. Nf3 Kh8 17. Ng5 Qc4 18. Qd2 Nc5 19. Rad1 Rac8 20. b3 Qa6 21.
c4 dxc4 22. Qe2 Bxg5 23. Bxg5 Ne4 24. Qh5 Rg8 25. Bh4 Rg6 26. f3 Qxa2 27. g4
Nc3 28. Rf2 Qxb3 29. Rd7 Rf8 30. Be7 Qb5 31. Rfd2 fxg4 32. Bxf8 gxf3+ 33. Kh2
Qb6 34. R7d4 Ne2 35. Qxf3 Nxd4 36. Qe3 Nf3+ 0-1

[Event "Hastings Masters"]
[Site "Hastings/UK"]
[Date "2011.01.01"]
[Round "5.2"]
[White "Swapnil, S Dhopade"]
[Black "Edouard, Romain"]
[Result "0-1"]
[ECO "E01"]
[WhiteElo "2426"]
[BlackElo "2620"]
[PlyCount "118"]
[EventDate "2011.??.??"]
[TimeControl "40/6000+30:20/3000+30:900+30"]

1. d4 Nf6 2. c4 e6 3. Nf3 c5 4. g3 cxd4 5. Nxd4 d5 6. Bg2 e5 7. Nf3 d4 8. O-O
Nc6 9. e3 Be7 10. exd4 exd4 11. Bf4 O-O 12. Ne5 Qb6 13. Qb3 Na5 14. Qxb6 axb6
15. Na3 Bxa3 16. bxa3 Bf5 17. Rfd1 Rfd8 18. Rd2 Ne4 19. Bxe4 Bxe4 20. Re1 Bf5
21. g4 Be6 22. h3 h5 23. Re4 hxg4 24. hxg4 f6 25. Nf3 Bxg4 26. Rexd4 Rxd4 27.
Nxd4 Nxc4 28. Rc2 Ra4 29. Bc1 Nxa3 30. Bxa3 Rxa3 31. Rb2 Ra4 32. Nc2 Bf3 33.
Ne1 Bd5 34. Rxb6 Rxa2 35. Rb1 Rd2 36. Rc1 b5 37. Nc2 Be4 38. Ne3 Rd8 39. Rc3
Rb8 40. Rb3 b4 41. Kf1 Rb5 42. Ke2 Bg6 43. Kd2 Bf7 44. Rb2 b3 45. Nf1 Ra5 46.
Kc3 Ra2 47. Nd2 Rxb2 48. Kxb2 g5 49. Nxb3 Bxb3 50. Kxb3 Kf7 51. Kc4 Ke6 52. Kd4
Kf5 53. Ke3 g4 54. Ke2 Kf4 55. Kf1 Kf3 56. Kg1 f5 57. Kf1 f4 58. Kg1 Ke2 59.
Kg2 f3+ 0-1

[Event " Hastings Masters"]
[Site "Hastings/UK"]
[Date "2011.01.01"]
[Round "5.3"]
[White "Istratescu, Andrei"]
[Black "Anwesh, Upadhyaya"]
[Result "1-0"]
[ECO "D47"]
[WhiteElo "2620"]
[BlackElo "2412"]
[PlyCount "67"]
[EventDate "2011.??.??"]
[TimeControl "40/6000+30:20/3000+30:900+30"]

1. d4 d5 2. c4 c6 3. Nf3 Nf6 4. e3 e6 5. Bd3 dxc4 6. Bxc4 Bd6 7. O-O O-O 8. Nc3
b5 9. Bd3 Nbd7 10. b3 a6 11. Bb2 Bb7 12. a4 Qe7 13. e4 e5 14. axb5 axb5 15. Ne2
Rxa1 16. Bxa1 g6 17. Qc2 Rc8 18. Ng3 Rd8 19. Re1 Re8 20. Qc1 exd4 21. Nxd4 Ng4
22. Be2 Bxg3 23. hxg3 Qxe4 24. Nc2 Ngf6 25. Bxb5 Qd5 26. Rxe8+ Nxe8 27. Bc4 Qe4
28. Ne3 Kf8 29. Bb2 f6 30. Ba3+ Kg7 31. Qd2 Ne5 32. Qb4 c5 33. Qxc5 Kh6 34.
Qf8+ 1-0

[Event "Hastings Masters"]
[Site "Hastings/UK"]
[Date "2011.01.01"]
[Round "5.4"]
[White "Wohl, Aleksandar H"]
[Black "Hebden, Mark"]
[Result "0-1"]
[ECO "E63"]
[WhiteElo "2375"]
[BlackElo "2556"]
[PlyCount "80"]
[EventDate "2011.??.??"]
[TimeControl "40/6000+30:20/3000+30:900+30"]

1. Nf3 Nf6 2. c4 g6 3. g3 Bg7 4. Bg2 O-O 5. O-O d6 6. d4 Nc6 7. Nc3 Rb8 8. h3
a6 9. Bg5 Bf5 10. Rc1 Ne4 11. Nxe4 Bxe4 12. d5 Bxf3 13. Bxf3 Ne5 14. Bg2 c5 15.
dxc6 bxc6 16. b3 c5 17. Bd2 Qc7 18. Bc3 Nc6 19. Bxc6 Qxc6 20. Bxg7 Kxg7 21. Qd2
Rb4 22. Rc3 Rfb8 23. Rd1 a5 24. Qe3 R8b7 25. h4 a4 26. h5 axb3 27. axb3 Ra7 28.
f3 Qd7 29. Kg2 Qe6 30. h6+ Kf8 31. Qxc5 Qxe2+ 32. Kh3 f5 33. Qd4 Ra2 34. Qh8+
Kf7 35. Qxh7+ Kf6 36. Rxd6+ exd6 37. Qh8+ Ke7 38. Re3+ Qxe3 39. Qg7+ Ke6 40. h7
Rb8 0-1

[Event "Hastings Masters"]
[Site "Hastings/UK"]
[Date "2011.01.01"]
[Round "5.5"]
[White "Sengupta, Deep"]
[Black "Prasanna, Rao"]
[Result "0-1"]
[ECO "C64"]
[WhiteElo "2527"]
[BlackElo "2400"]
[PlyCount "101"]
[EventDate "2011.??.??"]
[TimeControl "40/6000+30:20/3000+30:900+30"]

1. e4 e5 2. Nf3 Nc6 3. Bb5 Bc5 4. O-O Nd4 5. Nxd4 Bxd4 6. c3 Bb6 7. d4 c6 8.
Bc4 d6 9. Re1 Nf6 10. Bg5 h6 11. Bh4 Qe7 12. a4 g5 13. Bg3 a5 14. Nd2 O-O 15.
Bb3 Bg4 16. Qc2 Nh5 17. Nc4 Bc7 18. Ne3 Bd7 19. Rad1 Rad8 20. Qe2 Nf4 21. Qf3
Qf6 22. Kh1 Qg6 23. Rd2 Rfe8 24. Bc2 Bc8 25. Qd1 h5 26. h4 Kh8 27. Nf5 g4 28.
f3 gxf3 29. Qxf3 Qg4 30. Ne3 Qxf3 31. gxf3 Rg8 32. Bh2 Ng6 33. Nf5 Rge8 34.
dxe5 Nxe5 35. Rf2 Bb6 36. Nd4 Ng6 37. Rg1 d5 38. Rg5 dxe4 39. fxe4 Kg7 40. Bb3
f6 41. Rg1 Bxd4 42. cxd4 Rxe4 43. Bc2 Rg4 44. Rxg4 Bxg4 45. Bc7 Rxd4 46. Bxa5
Ne5 47. Bc3 Bf3+ 48. Rxf3 Nxf3 49. Bxd4 Nxd4 50. Bd1 Nf5 51. Bxh5 0-1

[Event "Hastings Masters"]
[Site "Hastings/UK"]
[Date "2011.01.01"]
[Round "5.6"]
[White "Neverov, Valeriy"]
[Black "Eggleston, David"]
[Result "1/2-1/2"]
[ECO "A73"]
[WhiteElo "2544"]
[BlackElo "2309"]
[PlyCount "42"]
[EventDate "2011.??.??"]
[TimeControl "40/6000+30:20/3000+30:900+30"]

1. d4 Nf6 2. Nf3 e6 3. c4 c5 4. d5 exd5 5. cxd5 d6 6. Nc3 g6 7. Nd2 Bg7 8. e4
O-O 9. Be2 Na6 10. O-O Ne8 11. Nc4 Nac7 12. a4 f5 13. Ra3 b6 14. exf5 Rxf5 15.
Bg4 Rf8 16. Bxc8 Rxc8 17. Ne4 Qd7 18. Rd3 Rb8 19. Re1 a6 20. a5 bxa5 21. Nxa5
Bxb2 1/2-1/2

[Event "Hastings Masters"]
[Site "Hastings/UK"]
[Date "2011.01.01"]
[Round "5.7"]
[White "Gormally, Daniel"]
[Black "Ramondino, Renzo"]
[Result "1-0"]
[ECO "D03"]
[WhiteElo "2480"]
[BlackElo "2289"]
[PlyCount "84"]
[EventDate "2011.??.??"]
[TimeControl "40/6000+30:20/3000+30:900+30"]

1. d4 Nf6 2. Nf3 g6 3. Bg5 Bg7 4. Nbd2 O-O 5. c3 d5 6. Bxf6 exf6 7. g3 Re8 8.
Bg2 Be6 9. O-O f5 10. e3 Nd7 11. Ne1 c6 12. Nd3 f6 13. Rc1 Bf7 14. b3 Bf8 15.
c4 Nb6 16. c5 Nd7 17. b4 Qc7 18. b5 a6 19. a4 Bh6 20. b6 Qd8 21. Nb3 Nf8 22.
Na5 Qd7 23. Nb4 Ne6 24. f4 Nd8 25. Qd3 Bf8 26. Rfe1 Kg7 27. Bf1 Re7 28. Ra1 Qe8
29. Kf2 Be6 30. Nxb7 Nxb7 31. a5 Bc8 32. Nxa6 Rxa6 33. Qxa6 Nxc5 34. Qa8 Ne4+
35. Kg2 Nd2 36. a6 Rxe3 37. Rxe3 Qxe3 38. b7 Qe4+ 39. Kh3 Nf3 40. Bd3 Ng5+ 41.
fxg5 Qe3 42. Bf1 Qe4 1-0

[Event "Hastings Masters"]
[Site "Hastings/UK"]
[Date "2011.01.01"]
[Round "5.8"]
[White "Bates, Richard"]
[Black "Pert, Richard G"]
[Result "1-0"]
[ECO "A96"]
[WhiteElo "2382"]
[BlackElo "2460"]
[PlyCount "65"]
[EventDate "2011.??.??"]
[TimeControl "40/6000+30:20/3000+30:900+30"]

1. d4 e6 2. Nf3 f5 3. g3 Nf6 4. Bg2 Be7 5. O-O O-O 6. c4 d6 7. Nc3 Ne4 8. Bd2
Nd7 9. Rc1 Ndf6 10. d5 e5 11. Nxe4 Nxe4 12. Bb4 Qe8 13. Ba3 b6 14. Ne1 Nf6 15.
Nd3 e4 16. Nf4 g5 17. Ne6 Bxe6 18. dxe6 Qg6 19. b4 a5 20. b5 Rae8 21. Bb2 Bd8
22. c5 dxc5 23. Qb3 Be7 24. Rcd1 Rd8 25. Be5 Qh5 26. Bxf6 Rxd1 27. Bxe7 Rxf1+
28. Bxf1 Re8 29. Bf6 h6 30. e3 f4 31. e7+ Kh7 32. Qe6 fxe3 33. fxe3 1-0

[Event "Hastings Masters"]
[Site "Hastings/UK"]
[Date "2011.01.01"]
[Round "5.9"]
[White "Royset, Paal Nikolaj"]
[Black "Shyam, Sundar M"]
[Result "0-1"]
[ECO "C24"]
[WhiteElo "2152"]
[BlackElo "2414"]
[PlyCount "136"]
[EventDate "2011.??.??"]
[TimeControl "40/6000+30:20/3000+30:900+30"]

1. e4 e5 2. Bc4 Nf6 3. d3 c6 4. Nf3 Be7 5. O-O d6 6. a4 O-O 7. Nbd2 Nbd7 8. Re1
Nc5 9. a5 Bg4 10. h3 Bh5 11. Ba2 Kh8 12. Nc4 Ne6 13. Ne3 Ng5 14. Ng4 Nxf3+ 15.
Qxf3 Qxa5 16. Bg5 Qd8 17. Qg3 Ng8 18. Bd2 Bh4 19. Qh2 f5 20. exf5 Rxf5 21. g3
Bg5 22. Ne3 Rf8 23. Bc3 Nf6 24. Qg2 Qd7 25. Nf1 Rae8 26. Bd2 Bxd2 27. Nxd2 d5
28. Bb3 a6 29. Re3 Qc7 30. g4 Bg6 31. Qg3 Nd7 32. d4 Qb8 33. dxe5 Rxe5 34. Rxe5
Qxe5 35. Qxe5 Nxe5 36. Re1 Re8 37. f4 Nd7 38. Rxe8+ Bxe8 39. Kf2 b5 40. Ke3 g6
41. Nf3 Kg7 42. c3 Kf6 43. g5+ Ke6 44. h4 c5 45. Bc2 Nf8 46. Nd2 Bd7 47. Nb3
Kd6 48. Na5 Bc8 49. b4 d4+ 50. cxd4 cxb4 51. Be4 Kc7 52. h5 gxh5 53. f5 h4 54.
d5 Kd6 55. Kd4 h3 56. g6 hxg6 57. fxg6 Nd7 58. g7 Nf6 59. Bf3 h2 60. Nc6 b3 61.
Kc3 Bg4 62. Bg2 Bh5 63. Nd4 Bf7 64. Nf5+ Ke5 65. Ne7 Kd6 66. Nf5+ Kc5 67. Ne3
Ne8 68. Ng4 Nxg7 0-1

[Event "Hastings Masters"]
[Site "Hastings/UK"]
[Date "2011.01.01"]
[Round "5.10"]
[White "Kaufeld, Juergen"]
[Black "Summerscale, Aaron"]
[Result "1/2-1/2"]
[ECO "C12"]
[WhiteElo "2270"]
[BlackElo "2428"]
[PlyCount "86"]
[EventDate "2011.??.??"]
[TimeControl "40/6000+30:20/3000+30:900+30"]

1. e4 e6 2. d4 d5 3. Nc3 Nf6 4. Bg5 Bb4 5. e5 h6 6. Bc1 Ne4 7. Qg4 g6 8. Nge2
c5 9. a3 Bxc3+ 10. bxc3 cxd4 11. cxd4 Qc7 12. f3 Nc3 13. Bd2 Nxe2 14. Bxe2 b6
15. Bd3 Ba6 16. O-O Bxd3 17. cxd3 Nc6 18. Rfc1 Qd7 19. Rc2 Rc8 20. Rac1 Ne7 21.
Rxc8+ Nxc8 22. Qf4 a5 23. Qf6 Rh7 24. g4 Qd8 25. Qf4 Kd7 26. Be1 Na7 27. Qd2
Nc6 28. Qc2 Qc7 29. Qa4 Rh8 30. Bd2 h5 31. Bg5 Rc8 32. Kf2 Qb7 33. Qb5 Kc7 34.
Bd2 Kb8 35. Ke3 Ka7 36. h3 Qd7 37. Rb1 Qd8 38. a4 hxg4 39. hxg4 Qg5+ 40. f4 Qd8
41. Rc1 Kb7 42. Rb1 Ka7 43. Rc1 Kb7 1/2-1/2

[Event "Hastings Masters"]
[Site "Hastings/UK"]
[Date "2011.01.01"]
[Round "5.11"]
[White "Kotronias, Vasilios"]
[Black "Kulkarni, Chinmay"]
[Result "1-0"]
[ECO "B81"]
[WhiteElo "2582"]
[BlackElo "2275"]
[PlyCount "45"]
[EventDate "2011.??.??"]
[TimeControl "40/6000+30:20/3000+30:900+30"]

1. e4 c5 2. Nf3 e6 3. d4 cxd4 4. Nxd4 Nf6 5. Nc3 d6 6. g4 h6 7. h4 Nc6 8. Rg1
h5 9. gxh5 Nxh5 10. Bg5 Nf6 11. Qd2 a6 12. O-O-O Bd7 13. Be2 Qb6 14. Nb3 Qc7
15. h5 b5 16. a3 Be7 17. Qf4 Qd8 18. Bh4 Rg8 19. h6 g6 20. Rxd6 Bxd6 21. Qxd6
Nxe4 22. Bxd8 Nxd6 23. Bf6 1-0

[Event "Hastings Masters"]
[Site "Hastings/UK"]
[Date "2011.01.01"]
[Round "5.12"]
[White "Sugden, John N"]
[Black "Griffiths, Ryan Rhys"]
[Result "0-1"]
[ECO "E24"]
[WhiteElo "2199"]
[BlackElo "2249"]
[PlyCount "98"]
[EventDate "2011.??.??"]
[TimeControl "40/6000+30:20/3000+30:900+30"]

1. d4 Nf6 2. c4 e6 3. Nc3 Bb4 4. a3 Bxc3+ 5. bxc3 b6 6. f3 Nc6 7. e4 Ba6 8. Bg5
Na5 9. e5 h6 10. Bh4 g5 11. Bf2 Nh5 12. Qa4 f5 13. h4 g4 14. fxg4 fxg4 15. Qc2
Qe7 16. Qe4 Bb7 17. Qxg4 Qf7 18. Nh3 Rg8 19. Qe2 Ng3 20. Bxg3 Rxg3 21. Qf2 Rxc3
22. Kd2 Qxf2+ 23. Nxf2 Rg3 24. Kc2 Ke7 25. Rh3 Rag8 26. Rxg3 Rxg3 27. Bd3 Rxg2
28. Rf1 c5 29. dxc5 bxc5 30. Kc3 Rg3 31. Re1 h5 32. Ne4 Bxe4 33. Rxe4 Nc6 34.
Kd2 Nd4 35. a4 a5 36. Kc3 Rh3 37. Kd2 Rxh4 38. Rxh4 Nf3+ 39. Ke3 Nxh4 40. Be2
Nf5+ 41. Kf4 h4 42. Bf3 d6 43. exd6+ Nxd6 44. Be2 Kf6 45. Bf1 h3 46. Bxh3 Nxc4
47. Bf1 Nd6 48. Be2 e5+ 49. Ke3 Kf5 0-1

[Event "Hastings Masters"]
[Site "Hastings/UK"]
[Date "2011.01.01"]
[Round "5.13"]
[White "Kwiatkowski, Feliks J"]
[Black "Arghyadip, Das"]
[Result "0-1"]
[ECO "C06"]
[WhiteElo "2246"]
[BlackElo "2476"]
[PlyCount "60"]
[EventDate "2011.??.??"]
[TimeControl "40/6000+30:20/3000+30:900+30"]

1. e4 e6 2. d4 d5 3. Nd2 Nf6 4. e5 Nfd7 5. Bd3 c5 6. c3 Nc6 7. Ne2 a5 8. f4 a4
9. a3 cxd4 10. cxd4 Nb6 11. O-O g6 12. Nf3 Bd7 13. g4 h5 14. f5 exf5 15. gxf5
Bxf5 16. Bxf5 gxf5 17. Qd3 Qd7 18. Ng3 Nc4 19. Rb1 O-O-O 20. Kh1 Be7 21. Nxf5
Rdg8 22. Nxe7+ Qxe7 23. b3 axb3 24. Rxb3 Rg4 25. Rb5 Qd7 26. Be3 Rhg8 27. Rfb1
Rg2 28. Nh4 Nxe3 29. Nxg2 Qh3 30. Nh4 Rg2 0-1

[Event "Hastings Masters"]
[Site "Hastings/UK"]
[Date "2011.01.01"]
[Round "5.14"]
[White "Knott, Simon JB"]
[Black "Rolvag, Mikael"]
[Result "1/2-1/2"]
[ECO "B38"]
[WhiteElo "2333"]
[BlackElo "2179"]
[PlyCount "52"]
[EventDate "2011.??.??"]
[TimeControl "40/6000+30:20/3000+30:900+30"]

1. Nf3 c5 2. c4 g6 3. e4 Nc6 4. d4 cxd4 5. Nxd4 Nf6 6. Nc3 d6 7. Be2 Bg7 8. Be3
O-O 9. O-O Nxd4 10. Bxd4 Bd7 11. Qd3 a5 12. b3 Bc6 13. a3 Nd7 14. Bxg7 Kxg7 15.
b4 axb4 16. axb4 b6 17. f4 Kg8 18. h4 Qc7 19. h5 Rxa1 20. Rxa1 Ra8 21. Rxa8+
Bxa8 22. h6 Bc6 23. Bg4 Nf6 24. Bf3 Nd7 25. Bg4 Nf6 26. Bf3 Nd7 1/2-1/2

[Event "Hastings Masters"]
[Site "Hastings/UK"]
[Date "2011.01.01"]
[Round "5.15"]
[White "Ashton, Adam"]
[Black "Franklin, Samuel"]
[Result "1-0"]
[ECO "B23"]
[WhiteElo "2328"]
[BlackElo "1827"]
[PlyCount "73"]
[EventDate "2011.??.??"]
[TimeControl "40/6000+30:20/3000+30:900+30"]

1. e4 c5 2. Nc3 g6 3. f4 Bg7 4. Nf3 Nc6 5. Bb5 Nd4 6. O-O Nh6 7. Nxd4 cxd4 8.
Ne2 O-O 9. d3 d5 10. Ba4 dxe4 11. dxe4 Ng4 12. Qd3 e6 13. h3 Ne3 14. Bxe3 dxe3
15. Qxe3 b6 16. c3 Ba6 17. Rfd1 Qc7 18. Ng3 Rfd8 19. e5 g5 20. fxg5 Qxe5 21.
Qxe5 Bxe5 22. Ne4 Bb7 23. Bc2 Kg7 24. Kf2 Rd5 25. Rxd5 Bxd5 26. Nf6 Bxf6 27.
gxf6+ Kxf6 28. Bxh7 Kg5 29. Bc2 f5 30. g3 f4 31. Re1 Rh8 32. h4+ Kg4 33. Bd1+
Kh3 34. gxf4 Rxh4 35. Bf3 Bxf3 36. Kxf3 Kh2 37. Rxe6 1-0

[Event "Hastings Masters"]
[Site "Hastings/UK"]
[Date "2011.01.01"]
[Round "5.16"]
[White "Snape, Ian"]
[Black "Zhou, Yang Fan"]
[Result "1/2-1/2"]
[ECO "B32"]
[WhiteElo "2233"]
[BlackElo "2348"]
[PlyCount "79"]
[EventDate "2011.??.??"]
[TimeControl "40/6000+30:20/3000+30:900+30"]

1. e4 c5 2. Nf3 Nc6 3. d4 cxd4 4. Nxd4 e5 5. Nb5 d6 6. N1c3 a6 7. Na3 b5 8. Nd5
Nce7 9. Bg5 Rb8 10. Bd3 f6 11. Be3 Nxd5 12. exd5 f5 13. c4 bxc4 14. Nxc4 Nf6
15. Bg5 Be7 16. Bxf6 Bxf6 17. Qa4+ Kf7 18. O-O e4 19. Bc2 Rb5 20. f3 Qc7 21.
Kh1 Qc5 22. Bb3 exf3 23. gxf3 Bg5 24. Rad1 Re8 25. Na3 Bd7 26. Qxa6 Bf4 27. Qa4
g5 28. Qd4 Rb4 29. Qxc5 dxc5 30. Rfe1 g4 31. Rxe8 Kxe8 32. Kg2 Rb6 33. Re1+ Kd8
34. fxg4 fxg4 35. Rf1 Bc7 36. Nc4 Rh6 37. d6 Bxd6 38. Nxd6 Rxd6 39. Rd1 Kc7 40.
Rxd6 1/2-1/2

[Event "Hastings Masters"]
[Site "Hastings/UK"]
[Date "2011.01.01"]
[Round "5.17"]
[White "Jackson, James P"]
[Black "Druckenthaner, Andreas"]
[Result "0-1"]
[ECO "C65"]
[WhiteElo "2135"]
[BlackElo "2301"]
[PlyCount "80"]
[EventDate "2011.??.??"]
[TimeControl "40/6000+30:20/3000+30:900+30"]

1. e4 e5 2. Nf3 Nc6 3. Bb5 Nf6 4. O-O Bc5 5. c3 Bb6 6. d4 O-O 7. Re1 d6 8. h3
exd4 9. cxd4 d5 10. exd5 Nxd5 11. Nc3 Nce7 12. Bg5 f6 13. Bc4 c6 14. Bf4 Kh8
15. Bh2 Nxc3 16. bxc3 Bc7 17. Bxc7 Qxc7 18. Nh4 Nf5 19. Nxf5 Bxf5 20. Qf3 Bg6
21. h4 Bf7 22. Bd3 Bd5 23. Qh5 Bg8 24. Rab1 b6 25. a4 Rad8 26. Re3 Rd5 27. Qf3
c5 28. Rbe1 cxd4 29. Re7 Rd7 30. Re8 Rxe8 31. Rxe8 Rd8 32. Qe4 Rxe8 33. Qxe8
dxc3 34. Bc2 Qf7 35. Qe2 Qc4 36. Qe8 a6 37. g3 b5 38. axb5 axb5 39. Kh2 b4 40.
Bxh7 Qf7 0-1

[Event "Hastings Masters"]
[Site "Hastings/UK"]
[Date "2011.01.01"]
[Round "5.18"]
[White "Eames, Robert"]
[Black "Chkartina, Gerhana"]
[Result "0-1"]
[ECO "B09"]
[WhiteElo "2287"]
[BlackElo "2014"]
[PlyCount "136"]
[EventDate "2011.??.??"]
[TimeControl "40/6000+30:20/3000+30:900+30"]

1. e4 d6 2. d4 Nf6 3. Nc3 g6 4. f4 Bg7 5. Nf3 O-O 6. Bd3 Na6 7. O-O c5 8. d5
Nc7 9. Qe1 e6 10. dxe6 Bxe6 11. f5 Bd7 12. Qh4 Nh5 13. Bg5 Bf6 14. fxg6 fxg6
15. g4 Nf4 16. Kh1 Nxd3 17. cxd3 Ne6 18. Bxf6 Qxf6 19. g5 Qf4 20. Nd5 Qxh4 21.
Nxh4 Kg7 22. Nf3 Nf4 23. Nf6 Bh3 24. Rf2 h6 25. e5 Nxd3 26. gxh6+ Kxh6 27. Rd2
Nxe5 28. Nxe5 dxe5 29. Ne4 b6 30. Nf2 Bf5 31. Re1 Rfe8 32. Kg2 Re7 33. Kg3 Rae8
34. Nd1 c4 35. Ne3 Bd3 36. Rf2 Kg7 37. Ng4 e4 38. Re3 Rf7 39. Rxf7+ Kxf7 40.
Kf4 Ke6 41. Kg5 Rf8 42. h4 b5 43. a3 a5 44. Re1 b4 45. axb4 axb4 46. Ne3 c3 47.
bxc3 b3 48. Nd1 Kd5 49. Kxg6 Kc4 50. h5 Rb8 51. Kg7 Bc2 52. Nf2 Rb7+ 53. Kg8 e3
54. Rxe3 b2 55. Ne4 Rd7 56. Re1 b1=Q 57. Rxb1 Bxb1 58. Nf6 Ra7 59. h6 Kxc3 60.
h7 Bxh7+ 61. Nxh7 Kd4 62. Nf6 Ke5 63. Ng4+ Ke6 64. Ne3 Rf7 65. Nd5 Rd7 66. Nf4+
Kf6 67. Nh5+ Kg5 68. Ng3 Re7 0-1

[Event "Hastings Masters"]
[Site "Hastings/UK"]
[Date "2011.01.01"]
[Round "5.19"]
[White "Ramnath Bhuvanesh, R."]
[Black "Anderson, John"]
[Result "1-0"]
[ECO "C18"]
[WhiteElo "2387"]
[BlackElo "2208"]
[PlyCount "49"]
[EventDate "2011.??.??"]
[TimeControl "40/6000+30:20/3000+30:900+30"]

1. e4 e6 2. d4 d5 3. Nc3 Bb4 4. e5 Ne7 5. a3 Bxc3+ 6. bxc3 c5 7. Qg4 Nf5 8. Nf3
h5 9. Qf4 Qc7 10. Bd3 cxd4 11. O-O dxc3 12. a4 Nc6 13. Bxf5 exf5 14. Ba3 Be6
15. Qg5 Rh7 16. Bd6 Qd7 17. Ra3 Qd8 18. Qf4 h4 19. Rb1 b6 20. Rxc3 Rc8 21. Rd1
h3 22. Ng5 Rh5 23. Rg3 Kd7 24. Nxe6 Kxe6 25. Qf3 1-0

[Event "Hastings Masters"]
[Site "Hastings/UK"]
[Date "2011.01.01"]
[Round "5.20"]
[White "Salov, Sergei"]
[Black "Gibson, Christopher A"]
[Result "1/2-1/2"]
[ECO "B33"]
[WhiteElo "2271"]
[BlackElo "1984"]
[PlyCount "41"]
[EventDate "2011.??.??"]
[TimeControl "40/6000+30:20/3000+30:900+30"]

1. e4 c5 2. Nf3 Nc6 3. d4 cxd4 4. Nxd4 Nf6 5. Nc3 e5 6. Ndb5 d6 7. Bg5 a6 8.
Na3 b5 9. Nd5 Be7 10. Bxf6 Bxf6 11. c4 b4 12. Nc2 O-O 13. g3 Bg5 14. h4 Bh6 15.
Bh3 Bb7 16. Qd3 a5 17. O-O Ne7 18. Nce3 Bxe3 19. Qxe3 Nc6 20. Rad1 Nd4 21. f4
1/2-1/2